 Dungeon Crawl Stone Soup version 0.30-a0-782-ge64f9170bb (webtiles) character file.

Game seed: 15908962132265724066

2 theswoord the Shooter (level 1, 12/12 HPs)
             Began as a Deep Elf Hunter on Mar 14, 2023.
             Was a Follower of Cheibriados.
             Got out of the dungeon alive.
             The game lasted 00:00:22 (88 turns).

theswoord the Shooter (Deep Elf Hunter)               Turns: 88, Time: 00:00:22

Health: 12/12      AC:  3    Str: 10    XL:     1   Next: 33%
Magic:  3/3        EV: 12    Int: 15    God:    Cheibriados [*.....]
Gold:   0          SH:  0    Dex: 20    Spells: 0/0 levels left

rFire   . . .      SeeInvis .    a - +0 shortbow
rCold   . . .      Faith    .    (shield currently unavailable)
rNeg    . . .      Spirit   .    c - +0 leather armour
rPois   .          Reflect  .    (no helmet)
rElec   .          Harm     .    (no cloak)
rCorr   .          Rampage  .    (no gloves)
Will    .....                    (no boots)
Stlth   ++                       (no amulet)
HPRegen 0.22/turn                (no ring)
MPRegen 0.08/turn                (no ring)

@: very slow
A: no striking features
a: Renounce Religion, Bend Time


You escaped.
You worshipped Cheibriados.
Cheibriados was aware of your devotion.
You visited 1 branch of the dungeon, and saw 1 of its levels.

Inventory:

Hand Weapons
 a - a +0 shortbow (weapon)
Armour
 c - a +0 leather armour (worn)
Scrolls
 b - a scroll of immolation
Potions
 d - a potion of attraction {unknown}


   Skills:
 - Level 1.5 Fighting
 + Level 5.5 Ranged Weapons
 - Level 2.4 Dodging
 - Level 1.2 Stealth


You couldn't memorise any spells.
You didn't know any spells.
Your spell library was empty.

Dungeon Overview and Level Annotations

Branches:
Dungeon (1/15)

Altars:
Cheibriados


Message History

Options error: Bad channel -- pray (HDAMessageColors.rc:30) Options error: Bad channel -- food (HDAMessageColors.rc:33) Options error: Bad channel -- rotten_meat (HDAMessageColors.rc:50) Options error: Bad object type '%' for autopickup. (~/.crawlrc:189) Welcome, theswoord the Deep Elf Hunter.
Are you destined to find the transcendent Orb of Zot, or to die trying?
Found a ruby potion.
Found a staircase leading out of the dungeon.
d - a ruby potion
Found a faded altar of an unknown god.
A goblin comes into view. It is wielding a +0 club.
You shoot an arrow. The arrow hits the goblin.
You kill the goblin!
No target in view!
No target in view!
Found a dark potion.
A ball python and a bat come into view.
There is a faded altar of an unknown god here.
This altar belongs to (a) Okawaru, (b) Kikubaaqudgha or (c) Cheibriados, but you can't tell which.
Press the corresponding letter to learn more about a god, or press enter to convert or escape to cancel.
Cheibriados accepts your prayer! Cheibriados welcomes you!
Cheibriados begins to support your attributes as your movement slows.
Cheibriados is now slowing the effects of poison on you.
You can now bend time to slow others.
Cheibriados raises the support of your attributes as your movement slows.
You shoot an arrow. The arrow hits the bat.
You kill the bat!
Cheibriados thoroughly appreciates the change of pace.
You shoot an arrow. The arrow hits the ball python!
You kill the ball python!
Cheibriados appreciates the change of pace.
No target in view!
No target in view!
There is a staircase leading out of the dungeon here.
You can't go down here!
Are you sure you want to leave the Dungeon?
This will make you lose the game!
You have escaped!

##.### #..#
###.##
##########...#
#..##..##...##
#..##..##...#
###..##..####
#..##..#
#..##@.##..#
#.... #..# ..#
#.###..##..###
# #.. ..# ..##
##.. #.. ..#
... ## ..


There were no monsters in sight!

Vanquished Creatures
  A goblin (D:1)
  A ball python (D:1)
  A bat (D:1)
3 creatures vanquished.

Notes
Turn   | Place    | Note
-------+----------+-------------------------------------------
     0 | D:1      | theswoord the Deep Elf Hunter began the quest for the Orb.
     0 | D:1      | Reached XP level 1. HP: 12/12 MP: 3/3
    42 | D:1      | Found a faded altar of an unknown god.
    54 | D:1      | Prayed at the altar of an unknown god.
    54 | D:1      | Became a worshipper of Cheibriados the Contemplative
    54 | D:1      | Reached * piety under Cheibriados
    88 | D:$      | Got out of the dungeon alive.

Action                     || total
---------------------------++-------
   Fire: Shortbow          ||     3

Levels and vault maps discovered:
D:1:      lightli_iron_boxes, layout_basic,
          hellmonk_ecumenical_altar_crossroads, minmay_misc_feat_encased,
          minmay_misc_feat_tiny
